 Dungeon Crawl Stone Soup version 0.28-a0-851-g8b9cc49659 (webtiles) character file.

Game seed: 8417568348085574364

5 croobank the Sneak (level 1, -3/18 HPs)
             Began as a Human Delver on Nov 14, 2021.
             Was an Initiate of Qazlal.
             Slain by a centaur skeleton (4 damage)
             ... on level 5 of the Dungeon.
             The game lasted 00:03:37 (121 turns).

croobank the Sneak (Human Delver)                    Turns: 121, Time: 00:03:37

Health: -3/18      AC:  3    Str: 12    XL:     1   Next: 88%
Magic:  1/1        EV: 12    Int: 10    God:    Qazlal [......]
Gold:   0          SH:  0    Dex: 14    Spells: 0/0 levels left

rFire   . . .      SeeInvis .   a - +0 hand axe
rCold   . . .      Faith    .   (no shield)
rNeg    . . .      Spirit   .   b - +0 leather armour
rPois   .          Reflect  .   (no helmet)
rElec   .          Harm     .   (no cloak)
rCorr   .          Rampage  .   (no gloves)
Will    .....                   (no boots)
Stlth   +++.......              (no amulet)
HPRegen 0.06/turn               (no ring)
MPRegen 0.07/turn               (no ring)

@: about to teleport
A: no striking features
a: Renounce Religion


You were on level 5 of the Dungeon.
You worshipped Qazlal.
Qazlal was noncommittal.
You visited 2 branches of the dungeon, and saw 2 of its levels.

Inventory:

Hand Weapons
 a - a +0 hand axe (weapon)
Armour
 b - a +0 leather armour (worn)
Wands
 g - a wand of digging (3)
Scrolls
 c - a scroll of fog
 d - a scroll of magic mapping


   Skills:
 + Level 3.0 Fighting
 + Level 2.0 Axes
 + Level 2.0 Dodging
 + Level 5.3 Stealth


You couldn't memorise any spells.
You didn't know any spells.
Your spell library contained the following spells:

 Spells                   Type           Power      Damage    Failure   Level
 Corpse Rot               Necr/Air       0%         N/A       58%         2
 Dispel Undead            Necr           0%         3d6       99%         4
 Death Channel            Necr           0%         N/A       100%        6


Dungeon Overview and Level Annotations

Branches:
Dungeon (5/15)             Temple (1/1) D:5

Altars:
Dithmenos
Qazlal
Uskayaw


Message History

Found a club.
You see here a scroll labelled MANWIO KOUL.
h - a scroll labelled MANWIO KOUL Your extra speed is starting to run out.
Found a book of Decay.
You feel yourself slow down.
You pick up a book of Decay and begin reading...
You add the spells Corpse Rot, Dispel Undead and Death Channel to your library.
There are no items here.
The ogre shouts!
As you read the scroll of fear, it crumbles to dust.
You assume a fearsome visage.
The ogre looks frightened!
The centaur skeleton is unaffected.
The ogre looks frightened!
The ogre wails, "Help!"
An ufetubus comes into view.
The ufetubus shouts!
You hit the ufetubus.
You kill the ufetubus!
Qazlal accepts your kill. The centaur skeleton barely misses you.
The centaur skeleton misses you. The centaur skeleton hits you.
The centaur skeleton kicks you but does no damage.
The ogre seems to regain its courage.
The centaur skeleton hits you but does no damage.
The centaur skeleton kicks you but does no damage.
You hear the slow rusting of a very distant drain.
The ogre barely misses you.
As you read the scroll labelled ULIWEG HOEGGI, it crumbles to dust.
It is a scroll of identify.
h - a scroll of teleportation The centaur skeleton closely misses you.
The centaur skeleton kicks you. The ogre hits you with a +0 giant club!
Ouch! That really hurt!
* * * LOW HITPOINT WARNING * * *
As you read the scroll of teleportation, it crumbles to dust.
You feel strangely unstable.
The centaur skeleton closely misses you.
The centaur skeleton kicks you but does no damage.
The centaur skeleton hits you.
You die...

####..# .# .....#
.. # #.g######## #
########...g...g.#
....O.....######g#
########### #.# #
#.# #Z# #@# #O#
#.# #.# #.# #..
###


You could see an ogre, 2 gnolls and a centaur skeleton.

Vanquished Creatures
  An ufetubus (D:5)
1 creature vanquished.

Notes
Turn   | Place    | Note
-------+----------+-------------------------------------------
     0 | D:5      | croobank the Human Delver began the quest for the Orb.
     0 | D:5      | Reached XP level 1. HP: 18/18 MP: 1/1
     6 | D:5      | Found a staircase to the Ecumenical Temple.
     9 | D:5      | Noticed an ogre
    11 | Temple   | Entered the Ecumenical Temple
    21 | Temple   | Became a worshipper of Qazlal Stormbringer
    32 | D:5      | Noticed an ogre
    58 | D:5      | Noticed a gnoll shaman
    74 | D:5      | Noticed an ogre
   121 | D:5      | Slain by a centaur skeleton

Illustrated notes

Levels and vault maps discovered:
D:5:      layout_loops_ring, lemuel_crystal_altar, minmay_temple_entry_grid,
          gup_sewer_entry_bubbles
Temple:   compressed_dpeg_triangle_lava_temple

Action                   || total
-------------------------++-------
Melee: Hand axe          ||     1
  Use: Scroll            ||     3
       Potion            ||     1
Armor: Leather armour    ||     6
Dodge: Dodged            ||     8

Table legend: (Time is in decaauts)
 A = Elapsed time spent in this place.
 B = Non-inter-level travel time spent in this place.
 C = Inter-level travel time spent in this place.
 D = Time resting spent in this place.
 E = Time spent auto-exploring this place.
 F = Levels seen in this place.
 G = Mean time per level.
                   A        B        C        D        E       F      G
               +--------+--------+--------+--------+--------+-----+--------+
         Total |    102 |     92 |     10 |      0 |      7 |   2 |   51.0 |
       Dungeon |     81 |     81 |      0 |      0 |      6 |   1 |   81.0 |
        Temple |     20 |     10 |     10 |      0 |      1 |   1 |   20.0 |
               +--------+--------+--------+--------+--------+-----+--------+

Top non-repeatable levels by time:
     D:5: 81 daAuts
  Temple: 20 daAuts
